 Dungeon Crawl Stone Soup version 0.24-a0-500-g46574c2197 (webtiles) character file.

Game seed: 5351162957246559938

20814 Bapho the Carver (level 12, 0/156 HPs)
             Began as a Green Draconian Conjurer on July 15, 2019.
             Was a Priest of Vehumet.
             Killed from afar by an oklob plant (14 damage)
             ... with a splash of acid
             ... on level 2 of the Lair of Beasts.
             The game lasted 00:47:20 (21381 turns).

Bapho the Carver (Green Draconian Conjurer)        Turns: 21381, Time: 00:47:21

Health: 0/156      AC: -2    Str: 17    XL:     12   Next: 48%
Magic:  4/25       EV: 15    Int: 19    God:    Vehumet [***...]
Gold:   790        SH:  0    Dex: 12    Spells: 10/29 levels left

rFire    . . .     SeeInvis .   J - +6 scimitar
rCold    . . .     Gourm    .   (no shield)
rNeg     . . .     Faith    .   (armour unavailable)
rPois    +         Spirit   .   O - +0 hat {MR+}
rElec    .         Reflect  .   x - +0 cloak {MR+}
rCorr    .         Harm     .   (no gloves)
MR       ++...                  L - +0 pair of boots
Stlth    ..........             C - amulet of rage
HPRegen  0.36/turn              l - ring of stealth
MPRegen  0.19/turn              (no ring)

@: berserking, corroded, starving, very quick
A: breathe noxious fumes, unfitting armour, poison resistance, cold-blooded, AC
+8
a: Breathe Noxious Fumes, Renounce Religion, Evoke Berserk Rage


You were on level 2 of the Lair of Beasts.
You worshipped Vehumet.
Vehumet was most pleased with you.
You were starving.

You visited 3 branches of the dungeon, and saw 13 of its levels.
You also visited: Ossuary.

You collected 790 gold pieces.

Inventory:

Hand Weapons
 d - a +0 dagger of venom
 v - a +0 scimitar of freezing
 J - a +6 scimitar (weapon)
Missiles
 a - 179 stones (quivered)
Armour
 m - a +2 hat
 p - a +0 cloak
 x - a +0 cloak of magic resistance (worn)
 L - a +0 pair of boots (worn)
 O - a +0 hat of magic resistance (worn)
Jewellery
 h - an uncursed ring of fire
 l - a ring of stealth (left hand)
 t - an uncursed ring of poison resistance
 C - an amulet of rage (around neck)
 G - an uncursed ring of attention
 Q - an uncursed ring of ice
Wands
 r - a wand of flame (10)
 y - a wand of random effects (39)
 z - a wand of digging (11)
 H - a wand of clouds (1)
 K - a wand of iceblast (16)
 M - a wand of acid (7)
Scrolls
 c - 3 scrolls of magic mapping
 f - 6 scrolls of remove curse
 g - 4 scrolls of teleportation
 s - a scroll of random uselessness
 u - 2 scrolls of enchant weapon
 B - a scroll of enchant armour
 D - 2 scrolls of fear {unknown}
 F - a scroll of identify
 N - a scroll of noise {unknown}
Potions
 e - 2 potions of invisibility
 i - 5 potions of curing
 j - 3 potions of magic
 k - 4 potions of degeneration
 n - 2 potions of resistance
 o - a potion of heal wounds
 q - 5 potions of might
 w - 2 potions of agility
 A - a potion of mutation
 E - a potion of lignification
 I - 2 potions of brilliance
Comestibles
 b - 6 rations
 P - 3 chunks of flesh


   Skills:
 - Level 9.2 Fighting
 - Level 10.0 Long Blades
 - Level 6.8 Dodging
 - Level 1.7 Stealth
 + Level 9.1 Spellcasting
 - Level 7.6 Conjurations
 - Level 5.4 Hexes
 - Level 2.7 Fire Magic
 + Level 3.4 Air Magic
 - Level 5.1 Earth Magic


You had 10 spell levels left.
You knew the following spells:

 Your Spells              Type           Power        Failure   Level  Hunger
a - Airstrike             Air            ###.......   5%          4    ###....
b - Searing Ray           Conj           #####.       1%          2    None
c - Iskenderun's Mystic   Conj           #####...     1%          4    ###....
d - Flame Tongue          Conj/Fire      ####.        1%          1    None
e - Inner Flame           Hex/Fire       ###.....     1%          3    None
f - Leda's Liquefaction   Hex/Erth       ####......   9%          4    ###....
g - Magic Dart            Conj           ####         1%          1    None

Your spell library contained the following spells:

 Spells                   Type           Power        Failure   Level  Hunger
 Corona                   Hex            ####...      1%          1    None
 Slow                     Hex            ####....     1%          2    None
 Dazzling Spray           Conj/Hex       ####..       1%          3    None
 Fulminant Prism          Conj/Hex       ####......   1%          4    ###....
 Force Lance              Conj/Tloc      ###.....     4%          4    ###....
 Portal Projectile        Hex/Tloc       ###...       8%          3    None
 Cause Fear               Hex            ####......   9%          4    ###....


Dungeon Overview and Level Annotations

Branches:
Dungeon (10/15)            Temple (1/1) D:6            Lair (2/6) D:10
  Snake (0/4) Lair:2
  Swamp: Lair:2-4    Shoals: Lair:2-4       Orc: D:9-12

Altars:
Ashenzari
Cheibriados
Dithmenos
Elyvilon
Fedhas
Gozag
Hepliaklqana
Kikubaaqudgha
Makhleb
Nemelex Xobeh
Okawaru
Qazlal
Ru
Sif Muna
Trog
Uskayaw
Vehumet
Wu Jian
Xom
Yredelemnul
Zin
The Shining One

Shops:
D:9 [

Annotations:
Lair:2 exclusion: oklob plant


Innate Abilities, Weirdness & Mutations

You can breathe blasts of noxious fumes.
Your lurid green scales are hard. (AC +8)
You cannot fit into any form of body armour.
Your system is resistant to poisons. (rPois)
You are cold-blooded and may be slowed by cold attacks.


Message History

You hit the oklob plant but do no damage.
You tail-slap the oklob plant.
The oklob plant is heavily damaged.
You slash the oklob plant!
The oklob plant is severely damaged.
You are starving!
You hit the oklob plant but do no damage.
The oklob plant is severely damaged.
The oklob plant spits acid at you. The splash of acid hits you!
* * * LOW HITPOINT WARNING * * *
You are splashed with acid!
* * * LOW HITPOINT WARNING * * *
You hit the oklob plant.
The oklob plant is almost destroyed.
You slash the oklob plant!
The oklob plant is almost destroyed.
The oklob plant spits acid at you. The splash of acid hits you!
You die...

### #### ###..##P$# ..
##P...##@(# ##. #PP....#.P##
#.. ##..........### ###.
##.............# ######...
###..............# ##........
#.................##.#.......
.#.....#...#....#####.###....
........##.....## ####.....
........####..## ##....


You could see an oklob plant.

Vanquished Creatures
  Gastronok (Lair:1)
  Fannar (Lair:1)
  A two-headed ogre (D:9)
  6 death yaks
  An unseen horror (D:9)
  A cyclops (D:9)
  A black mamba (Lair:2)
  Psyche (D:10)
  3 spiny frogs
  A gargoyle (D:8)
  7 komodo dragons (Lair:2)
  A troll (D:9)
  Prince Ribbit (D:9)
  A hornet (D:6)
  A hippogriff (Lair:1)
  A shadow (D:6)
  Sigmund (D:2)
  11 yaks
  A wyvern (D:9)
  A steam dragon (D:9)
  9 water moccasins
  2 porcupines (Lair:1)
  5 ice beasts
  4 orc warriors
  2 sky beasts
  A black bear (D:9)
  5 ogres
  A phantom (D:4)
  5 centaurs
  3 crocodiles
  A big kobold (D:9)
  8 bullfrogs
  2 water moccasin zombies (Ossuary)
  4 scorpions
  5 killer bees
  10 wights
  3 howler monkeys
  A centaur zombie (D:6)
  8 crimson imps
  A bullfrog zombie (D:5)
  7 hounds
  5 jellies
  12 orc priests
  A bullfrog skeleton (D:4)
  2 iguanas
  11 orc wizards
  3 centaur skeletons
  4 worker ants
  A killer bee zombie (D:7)
  2 big kobold zombies (Ossuary)
  A hound skeleton (D:4)
  2 mummies (Ossuary)
  A howler monkey skeleton (D:9)
  16 adders
  3 shadow imps
  4 oozes
  3 adder zombies (Ossuary)
  An adder skeleton (D:4)
  6 worms
  A dart slug (D:3)
  7 leopard geckos
  40 orcs
  7 giant cockroaches
  3 gnoll zombies (Ossuary)
  8 goblins
  6 hobgoblins
  9 jackals
  4 quokkas
  5 ball pythons
  7 bats
  4 frilled lizards
  3 hobgoblin zombies (Ossuary)
  A jackal skeleton (D:4)
  7 kobolds
  4 kobold zombies (Ossuary)
  7 orc zombies (Ossuary)
  2 quokka skeletons
  9 rats
  2 rat zombies (D:5)
  A plant (Lair:2)
345 creatures vanquished.

Vanquished Creatures (others)
  A fungus (Lair:2)
1 creature vanquished.

Grand Total: 346 creatures vanquished

Notes
Turn   | Place    | Note
-------+----------+-------------------------------------------
     0 | D:1      | Bapho the Draconian Conjurer began the quest for the Orb.
     0 | D:1      | Reached XP level 1. HP: 14/14 MP: 3/3
   339 | D:1      | Reached XP level 2. HP: 20/20 MP: 1/5
   486 | D:1      | Learned a level 2 spell: Searing Ray
   573 | D:1      | Reached skill level 1 in Fighting
  1041 | D:2      | Reached XP level 3. HP: 28/28 MP: 3/6
  1323 | D:2      | Found an ornate altar of the Wu Jian Council.
  2087 | D:2      | Noticed Sigmund
  2095 | D:2      | Killed Sigmund
  2095 | D:2      | Reached XP level 4. HP: 27/40 MP: 4/9
  2095 | D:2      | Reached XP level 5. HP: 31/46 MP: 4/10
  2640 | D:2      | Learned a level 4 spell: Iskenderun's Mystic Blast
  3031 | D:3      | Reached XP level 6. HP: 52/52 MP: 1/12
  3213 | D:3      | Reached skill level 5 in Conjurations
  3433 | D:3      | Found a glowing golden altar of the Shining One.
  3836 | D:3      | Found a sparkling altar of Nemelex Xobeh.
  4331 | D:4      | Your scales start taking on a lurid green colour.
  4331 | D:4      | Reached XP level 7. HP: 38/58 MP: 1/14
  4331 | D:4      | Gained mutation: Your system is resistant to poisons.
                  | (rPois) [Green Draconian growth]
  4788 | D:4      | Reached skill level 5 in Spellcasting
  5595 | D:5      | Entered Level 5 of the Dungeon
  5629 | D:5      | Found a sand-covered staircase.
  5684 | Ossuary  | Entered an ossuary
  5730 | Ossuary  | Reached XP level 8. HP: 49/66 MP: 11/16
  6230 | D:5      | HP: 2/66 [cloud of flame (25)]
  6473 | D:5      | Reached skill level 1 in Long Blades
  6831 | D:5      | Reached skill level 2 in Long Blades
  7180 | D:5      | Found a blossoming altar of Fedhas.
  7314 | D:5      | Found an iron altar of Okawaru.
  7627 | D:6      | Reached skill level 3 in Long Blades
  7637 | D:6      | HP: 1/66 [orc warrior/+0 mace (13)]
  8147 | D:6      | Reached skill level 4 in Long Blades
  8415 | D:6      | Reached XP level 9. HP: 41/71 MP: 8/17
  8822 | D:6      | Reached skill level 5 in Long Blades
  8822 | D:6      | Reached skill level 5 in Dodging
  8963 | D:6      | Found a staircase to the Ecumenical Temple.
  9018 | Temple   | Entered the Ecumenical Temple
  9228 | Temple   | Became a worshipper of Vehumet
 10115 | D:7      | Reached skill level 6 in Long Blades
 10896 | D:7      | Reached * piety under Vehumet
 10896 | D:7      | Offered knowledge of Flame Tongue by Vehumet.
 11038 | D:7      | Learned a level 1 spell: Flame Tongue
 11057 | D:7      | Reached skill level 7 in Long Blades
 11320 | D:7      | Found a shimmering altar of Xom.
 11624 | D:8      | Noticed a gargoyle
 11636 | D:8      | Killed a gargoyle
 11636 | D:8      | Reached XP level 10. HP: 59/80 MP: 3/18
 11912 | D:8      | Found a white marble altar of Elyvilon.
 11934 | D:8      | Reached skill level 5 in Fighting
 12012 | D:8      | Found a sacrificial altar of Ru.
 12283 | D:8      | Reached ** piety under Vehumet
 12283 | D:8      | Offered knowledge of Sandblast by Vehumet.
 12451 | D:8      | Reached skill level 8 in Long Blades
 12657 | D:8      | Found a shadowy altar of Dithmenos.
 13506 | D:9      | Noticed Prince Ribbit
 13517 | D:9      | Killed Prince Ribbit
 13844 | D:9      | Reached skill level 9 in Long Blades
 14101 | D:9      | Noticed a cyclops
 14114 | D:9      | Killed a cyclops
 14217 | D:9      | Killed an unseen horror
 14796 | D:9      | Noticed a two-headed ogre
 14810 | D:9      | Killed a two-headed ogre
 14810 | D:9      | Reached skill level 10 in Long Blades
 14810 | D:9      | Reached XP level 11. HP: 95/95 MP: 8/19
 14839 | D:9      | Found Wintush's Antique Armour Boutique.
 15002 | D:9      | Offered knowledge of Inner Flame by Vehumet.
 15009 | D:9      | Learned a level 3 spell: Inner Flame
 15100 | D:10     | Entered Level 10 of the Dungeon
 15227 | D:10     | Noticed a death yak
 15227 | D:10     | Noticed a death yak
 15229 | D:10     | Noticed a death yak
 15229 | D:10     | Noticed a death yak
 15230 | D:10     | Noticed a death yak
 15231 | D:10     | Noticed a death yak
 15232 | D:10     | Noticed a death yak
 15256 | D:9      | Killed a death yak
 15256 | D:9      | Reached skill level 1 in Hexes
 15256 | D:9      | Reached skill level 1 in Fire Magic
 15490 | D:9      | Killed a death yak
 15490 | D:9      | Reached *** piety under Vehumet
 15494 | D:9      | Killed a death yak
 15969 | D:9      | Killed a death yak
 16318 | D:10     | Noticed Psyche
 16323 | D:10     | Noticed a cyan ugly thing
 16332 | D:10     | Killed Psyche
 16376 | D:10     | Learned a level 4 spell: Leda's Liquefaction
 16699 | D:10     | Killed a death yak
 16699 | D:10     | Reached skill level 1 in Earth Magic
 17034 | D:10     | Killed a death yak
 17484 | D:10     | Found a staircase to the Lair.
 17696 | Lair:1   | Entered Level 1 of the Lair of Beasts
 17728 | Lair:1   | Noticed Gastronok
 17745 | Lair:1   | Killed Gastronok
 17864 | Lair:1   | Noticed Fannar
 17893 | Lair:1   | Killed Fannar
 18419 | Lair:1   | Reached XP level 12. HP: 82/104 MP: 23/23
 19122 | Lair:2   | Reached skill level 5 in Hexes
 19843 | Lair:2   | Reached skill level 5 in Earth Magic
 19898 | Lair:2   | Offered knowledge of Airstrike by Vehumet.
 19914 | Lair:2   | Found a staircase to the Snake Pit.
 19948 | Lair:2   | Learned a level 4 spell: Airstrike
 20168 | Lair:2   | Reached skill level 1 in Air Magic
 21381 | Lair:2   | Killed from afar by an oklob plant

Levels and vault maps discovered:
D:1:      dpeg_arrival_castle, layout_basic, item_on_display_b
D:2:      layout_loops_corners, nicolae_overflow_hidden_temple, uniq_sigmund
D:3:      cheibrodos_pilgrimage, layout_rooms, nicolae_overflow_crystal_walls,
          lemuel_doored_altar, first_ration
D:4:      layout_cave_pods
D:5:      layout_basic, lemuel_coloured_pillars_altar, kennysheep_mini,
          enter_ossuary_4
D:6:      layout_basic, temple_hall, kb_rosetta
D:7:      layout_loops_ring, kennysheep_little_box
D:8:      layout_loops_ring, elyvilon_altar_1, nicolae_ru_awakened_eye,
          nicolae_dithmenos_shadow_blocks
D:9:      cheibrodos_ideogram_h, layout_loops_ring, serial_shops,
          kennysheep_mini_moat, uniq_prince_ribbit1
D:10:     layout_stronghold, dpeg_lair_monsters, uniq_psyche
Temple:   nicolae_temple_figure_eight
Lair:1:   layout_cave_pods, nicolae_lair_grove_arrangements, uniq_fannar,
          uniq_gastronok
Lair:2:   layout_cave_pods, minmay_snake_entry_six_corridors, basic_altar,
          beast_lair_carwin_8, minmay_lair_oklob_chamber, grunt_megastairs_4

Skill      XL: |  1  2  3  4  5  6  7  8  9 10 11 12 |
---------------+-------------------------------------+-----
Fighting       | 1 3 4 8 9 |  9.2
Spellcasting   | 3 4 5 7 9 |  9.1
Conjurations   | 6 7 |  7.6
Dodging        | 4 6 |  6.8
Long Blades    | 4 7 10 | 10.0
Hexes          | 4 5 |  5.4
Fire Magic     | 2 |  2.7
Earth Magic    | 4 5 |  5.1
Air Magic      | 3 |  3.4
Stealth        | |  1.7

Action                   |  1- 3 |  4- 6 |  7- 9 | 10-12 || total
-------------------------+-------+-------+-------+-------++-------
Melee: Unarmed           |    37 |       |       |       ||    37
       Tailslap          |     7 |    14 |    52 |    54 ||   127
       Dagger            |    21 |   121 |    25 |       ||   167
       Scimitar          |       |       |   248 |   422 ||   670
Throw: Stone             |     8 |     5 |    46 |    91 ||   150
 Cast: Magic Dart        |    58 |    69 |   101 |   119 ||   347
       Searing Ray       |     3 |     2 |    14 |     5 ||    24
       Iskenderun's Myst |       |    11 |    53 |    74 ||   138
       Airstrike         |       |       |       |    37 ||    37
       Leda's Liquefacti |       |       |       |     2 ||     2
 Abil: Breathe Noxious F |       |       |    16 |    25 ||    41
       Evoke Berserk Rag |       |       |     1 |    10 ||    11
  Use: Scroll            |       |       |    10 |    10 ||    20
       Potion            |       |       |       |     6 ||     6
 Stab: Sleeping          |     1 |       |     2 |     3 ||     6
       Confused          |       |       |     1 |     6 ||     7
       Invisible         |       |       |       |     1 ||     1
  Eat: Chunk             |     3 |     9 |    26 |    33 ||    71
       Ration            |       |       |     3 |     7 ||    10
Armor: Skin              |    12 |    41 |   102 |   125 ||   280
Dodge: Dodged            |    38 |    99 |   213 |   301 ||   651
       Rpst.: Scimitar   |       |       |    60 |    70 ||   130

Table legend:
 A = Non-vault XP
 B = Vault XP
 C = Vault XP percentage of total XP
 D = Non-vault monster count
 E = Vault monster count
 F = Vault count percentage of total count
                 A         B        C        D         E       F
            +---------+---------+-------+---------+---------+-------
      Total |   13040 |   16695 |  56.1 |     251 |      93 |  27.0
            +---------+---------+-------+---------+---------+-------
        D:1 |      40 |       0 |   0.0 |      22 |       0 |   0.0
        D:2 |      74 |     223 |  75.1 |      22 |       2 |   8.3
        D:3 |     170 |      86 |  33.6 |      37 |       4 |   9.8
        D:4 |     685 |       0 |   0.0 |      23 |       0 |   0.0
        D:5 |     365 |       2 |   0.5 |      11 |       2 |  15.4
        D:6 |    1284 |     589 |  31.4 |      24 |       4 |  14.3
        D:7 |    1181 |       0 |   0.0 |      32 |       0 |   0.0
        D:8 |    1338 |       0 |   0.0 |      22 |       0 |   0.0
        D:9 |    2715 |    5736 |  67.9 |      25 |      20 |  44.4
       D:10 |     583 |    2155 |  78.7 |      11 |       3 |  21.4
     Lair:1 |    2663 |    3251 |  55.0 |      14 |       4 |  22.2
     Lair:2 |    1942 |    4366 |  69.2 |       8 |      28 |  77.8
    Ossuary |       0 |     287 | 100.0 |       0 |      26 | 100.0
            +---------+---------+-------+---------+---------+-------
